 Dungeon Crawl Stone Soup version 0.23.2 (webtiles) character file.

Game seed: 12813373964146873214

49 sagitran the Skirmisher (level 3, -11/45 HPs)
             Began as a Demonspawn Chaos Knight on Apr 6, 2019.
             Was a Plaything of Xom.
             Blown up by Ijyb (19 damage)
             ... with a wand of disintegration (11)
             ... on level 2 of the Dungeon.
             The game lasted 00:03:25 (941 turns).

sagitran the Skirmisher (Demonspawn Chaos Knight)    Turns: 941, Time: 00:03:26

Health: -11/45     AC:  6    Str: 18    XL:     3   Next: 53%
Magic:  3/3        EV: 11    Int: 13    God:    Xom [....*.]
Gold:   93         SH:  0    Dex: 12    Spells: 2/2 levels left

rFire    . . .     SeeInvis .   a - +0 falchion (chaos)
rCold    . . .     Gourm    .   (no shield)
rNeg     . . .     Faith    .   b - +2 leather armour
rPois    .         Spirit   .   (no helmet)
rElec    .         Reflect  .   (no cloak)
rCorr    .         Harm     .   i - +0 pair of gloves
MR       .....                  (no boots)
Stlth    ..........             (no amulet)
HPRegen  0.15/turn              (no ring)
MPRegen  0.08/turn              (no ring)

@: berserking, very quick
A: demonic guardian 1
a: Renounce Religion


You were on level 2 of the Dungeon.
You worshipped Xom.
You were a beloved toy of Xom.
You were not hungry.

You visited 1 branch of the dungeon, and saw 2 of its levels.

You collected 93 gold pieces.

Inventory:

Hand Weapons
 a - a +0 falchion of chaos (weapon)
Armour
 b - a +2 leather armour (worn)
 i - a +0 pair of gloves (worn)
Scrolls
 f - 2 scrolls of remove curse {unknown}
 h - a scroll of random uselessness {unknown}
 j - a scroll of magic mapping {unknown}
 k - 2 scrolls of teleportation {unknown}
 l - 2 scrolls of identify {unknown}
 m - a scroll of fear {unknown}
Potions
 e - a potion of heal wounds {unknown}
 g - a potion of curing {unknown}
Comestibles
 c - 4 rations
 n - a chunk of flesh


   Skills:
 + Level 3.7 Fighting
 + Level 3.2 Long Blades
 + Level 2.2 Armour
 + Level 1.0 Dodging
 + Level 0.2 Stealth


You had 2 spell levels left.
You didn't know any spells.
Your spell library was empty.

Dungeon Overview and Level Annotations

Branches:
Dungeon (2/15)

Altars:

Annotations:
D:2 Ijyb


Innate Abilities, Weirdness & Mutations

A weak demonic guardian rushes to your aid.


Message History

* * * LOW HITPOINT WARNING * * *
It was a potion of berserk rage.
A red film seems to cover your vision as you go berserk!
You feel yourself moving faster!
You feel mighty!
Xom roars with laughter!
Your quasit bites Ijyb but does no damage.
Your quasit misses Ijyb.
Your quasit barely misses Ijyb.
The goblin barely misses you.
Your quasit misses Ijyb.
Your quasit barely misses Ijyb.
Your quasit claws Ijyb.
Ijyb barely misses you.
You riposte.
You closely miss Ijyb.
Ijyb is lightly wounded.
You barely miss Ijyb.
Ijyb is lightly wounded.
The goblin hits you but does no damage.
Your quasit bites Ijyb.
Your quasit closely misses Ijyb.
Your quasit barely misses Ijyb.
You closely miss Ijyb.
Ijyb is lightly wounded.
Ijyb zaps a wand.
You are blasted!
You die...
Xom chuckles heartily!

.# .# #..(.)..# .#
#8.....8# .# #.......#
.# #8.....8# ##
#.......# #8.....8#
#..g....# #8g@5..8#
##.....=)# #..(...[.#
#############.########
#.............#
#.###..........#
#.#............#
#.#.#..........#
..#.#..........#


You could see Ijyb, a goblin and a friendly quasit.

Vanquished Creatures
  2 leopard geckos (D:1)
  2 bats (D:1)
  4 goblins
  9 hobgoblins
  8 jackals
  2 quokkas (D:2)
  2 frilled lizards
  3 kobolds
  6 rats
38 creatures vanquished.

Vanquished Creatures (collateral kills)
  3 goblins (D:2)
3 creatures vanquished.

Grand Total: 41 creatures vanquished

Notes
Turn   | Place    | Note
-------+----------+-------------------------------------------
     0 | D:1      | sagitran the Demonspawn Chaos Knight began the quest for
                  | the Orb.
     0 | D:1      | Reached XP level 1. HP: 18/18 MP: 1/1
    51 | D:1      | Gained mutation: A weak demonic guardian rushes to your
                  | aid. [demonic ancestry]
    51 | D:1      | Reached XP level 2. HP: 8/24 MP: 2/2
    53 | D:1      | XOM: divination: detect items
   235 | D:1      | XOM: silly message
   569 | D:1      | Reached XP level 3. HP: 22/29 MP: 3/3
   601 | D:1      | XOM: harmless Necr miscast
   814 | D:2      | Reached skill level 1 in Dodging
   932 | D:2      | Noticed Ijyb
   941 | D:2      | Blown up by Ijyb

Skill      XL: |  1  2  3 |
---------------+----------+-----
Armour         | 2 |  2.2
Long Blades    | 3 |  3.2
Dodging        | 1 |  1.0
Fighting       | |  3.7
Stealth        | |  0.2

Action                   || total
-------------------------++-------
Melee: Falchion          ||   109
  Use: Potion            ||     1
 Stab: Confused          ||     1
Armor: Leather armour    ||    51
Dodge: Dodged            ||    88
       Rpst.: Falchion   ||    25
